Map: Neon Violet Square LE

Players

Cupideros - Winner!

  • Race: Protoss Protoss
  • League: Gold
  • Spawn Location: 5:00

Juxtapose

  • Race: Protoss Protoss
  • League: Gold
  • Spawn Location: 11:00

VOD

https://youtu.be/Bd27ks7seyY

Description

While I've faced, and used, a Stalker and Void Ray composition in the Protoss mirror match before, I can't recall if I've ever faced pure Void Rays. I don't think I have.

Phoenixes are supposed to do well against Void Rays, so I went with a Stalker Phoenix composition, but I didn't do it right, and in truth, I think I should have gone mostly Void Rays with Phoenixes.

Next time.

Time

  • Played on: Nov. 25, 2017, 4:44 p.m.
  • Length: 14:40
Show
View Real Time Build Order
Export as new Build Order

Cupideros Protoss - Winner!

Build Orders:  

Get SALT Encoding   

  12  0:01  Probe  
  13  0:21  Pylon  
  13  0:30  Pylon  
  13  0:32  Pylon  
  13  0:35  Probe (Chrono Boost)  
  14  0:47  Probe (Chrono Boost)  
  15  0:50  Probe (Chrono Boost), Assimilator  
  16  1:01  Probe, Assimilator  
  17  1:16  Gateway  
  17  1:25  Forge  
  17  1:30  Probe  
  18  1:42  Probe  
  18  1:46  Gateway  
  19  1:54  Probe  
  19  1:59  Gateway  
  20  2:40  Probe  
  21  2:52  Probe  
  22  3:04  Probe  
  23  3:06  Cybernetics Core  
  23  3:16  Probe  
  24  3:24  Photon Cannon  
  24  3:30  Photon Cannon  
  24  3:34  Photon Cannon  
  24  3:38  Nexus  
  24  3:52  Shield Battery  
  24  3:59  Shield Battery  
  24  4:03  Shield Battery  
  24  4:05  Shield Battery  
  24  4:22  Stargate  
  24  4:26  Stargate  
  24  4:35  Assimilator  
  24  4:40  Assimilator  
  24  4:47  Probe  
  25  4:59  Probe  
  26  5:01  Probe  
  27  5:09  Void Ray (Chrono Boost)  
  27  5:10  Void Ray (Chrono Boost)  
  27  5:11  Probe  
  27  5:13  Probe  
  37  5:25  Probe (Chrono Boost)  
  39  5:31  Probe (Chrono Boost)  
  41  5:37  Probe (Chrono Boost)  
  41  5:38  Probe (Chrono Boost)  
  41  5:39  Probe  
  42  5:44  Void Ray x2  
  42  5:47  Probe  
  51  5:56  Protoss Air Weapons Level 1  
  51  5:59  Probe  
  51  6:00  Probe  
  53  6:11  Probe  
  54  6:22  Pylon  
  54  6:24  Pylon  
  54  6:27  Pylon  
  54  6:30  Pylon  
  54  6:34  Pylon  
  54  6:38  Pylon  
  54  6:40  Probe x2  
  56  7:05  Void Ray x2  
  60  7:30  Forge  
  60  7:32  Gateway  
  60  7:41  Gateway  
  60  7:48  Void Ray x2  
  68  7:58  Protoss Air Armor Level 1  
  68  8:05  Pylon  
  68  8:11  Fleet Beacon  
  68  8:27  Photon Cannon x2  
  68  8:31  Photon Cannon  
  68  8:33  Photon Cannon, Void Ray x2 (Chrono Boost)  
  76  9:06  Void Ray x2 (Chrono Boost)  
  84  9:10  Stargate x2  
  84  9:25  Graviton Catapult  
  84  9:38  Carrier (Chrono Boost)  
  84  9:39  Carrier (Chrono Boost)  
  96  9:50  Robotics Facility  
  96  10:17  Mothership (Chrono Boost)  
  104  10:37  Warp Prism  
  106  11:08  Pylon  
  106  11:11  Pylon  
  106  11:16  Pylon  
  106  11:18  Protoss Air Weapons Level 2  
  106  11:19  Pylon  
  106  11:25  Carrier (Chrono Boost)  
  106  11:26  Carrier (Chrono Boost), Pylon  
  118  11:45  Nexus  
  118  11:46  Assimilator  
  118  11:50  Assimilator  
  126  12:44  Void Ray (Chrono Boost)  
  126  12:45  Void Ray (Chrono Boost)  
  126  12:50  Pylon  
  134  12:51  Void Ray x2 (Chrono Boost)  
  134  12:52  Pylon  
  134  12:55  Pylon  
  134  12:59  Pylon  
  134  13:00  Probe  
  134  13:04  Probe  
  136  13:12  Probe  
  137  13:16  Probe  
  138  13:24  Probe  
  139  13:28  Probe  
Show
View Real Time Build Order
Export as new Build Order

Juxtapose Protoss 

Build Orders:  

Get SALT Encoding   

  12  0:01  Probe  
  13  0:13  Probe  
  14  0:25  Probe (Chrono Boost)  
  15  0:30  Pylon  
  15  0:48  Probe  
  15  0:49  Gateway  
  16  0:59  Assimilator  
  16  1:00  Probe  
  17  1:06  Pylon  
  17  1:12  Probe  
  18  1:19  Assimilator  
  18  1:24  Probe  
  19  1:36  Probe (Chrono Boost)  
  19  1:38  Pylon  
  20  1:42  Zealot  
  23  1:48  Probe (Chrono Boost)  
  23  1:50  Cybernetics Core  
  23  1:51  Probe (Chrono Boost)  
  24  2:03  Probe  
  25  2:09  Forge  
  25  2:37  Warp Gate (Chrono Boost)  
  25  2:42  Gateway  
  25  2:43  Gateway  
  25  2:49  Robotics Facility  
  25  2:52  Stalker  
  27  3:23  Protoss Ground Weapons Level 1  
  27  3:25  Stalker  
  29  3:40  Immortal (Chrono Boost)  
  33  3:59  Stalker x3  
  39  4:13  Pylon  
  38  4:17  Pylon  
  38  4:18  Twilight Council  
  38  4:29  Observer  
  39  4:50  Immortal (Chrono Boost)  
  43  5:06  Stalker  
  45  5:12  Stalker  
  47  5:18  Sentry  
  47  5:19  Immortal  
  53  5:37  Stalker  
  55  5:44  Pylon  
  55  6:04  Nexus  
  55  6:07  Pylon  
  55  6:09  Pylon  
  55  6:26  Stalker x2  
  59  7:00  Stalker  
  59  7:01  Stalker x2  
  28  7:30  Stargate  
  28  7:32  Probe  
  28  7:33  Probe  
  28  7:43  Stalker x3  
  32  7:45  Probe x2  
  34  7:57  Probe (Chrono Boost)  
  34  7:58  Probe (Chrono Boost)  
  36  8:04  Protoss Ground Armor Level 1  
  36  8:07  Observer  
  36  8:08  Stalker  
  39  8:24  Stalker  
  39  8:25  Stalker  
  43  8:31  Phoenix  
  45  8:42  Probe (Chrono Boost)  
  45  8:48  Assimilator  
  46  8:51  Stalker x2  
  46  8:52  Assimilator  
  46  8:54  Probe (Chrono Boost)  
  51  9:02  Phoenix  
  51  9:04  Probe  
  51  9:07  Probe (Chrono Boost)  
  55  9:16  Probe (Chrono Boost)  
  56  9:19  Probe (Chrono Boost)  
  59  9:26  Probe x2 (Chrono Boost)  
  59  9:27  Phoenix  
  59  9:30  Probe  
  62  9:44  Probe  
  63  9:45  Stalker  
  63  9:46  Stalker  
  63  9:48  Stalker  
  69  9:59  Observer  
  70  10:09  Nexus  
  70  10:15  Pylon  
  70  10:19  Pylon  
  70  10:24  Phoenix  
  72  10:33  Probe (Chrono Boost)  
  72  10:35  Probe (Chrono Boost)  
  76  10:44  Stalker  
  76  10:45  Probe (Chrono Boost), Stalker  
  76  10:46  Probe (Chrono Boost)  
  80  10:50  Phoenix  
  82  10:57  Probe x2  
  84  11:09  Probe  
  85  11:14  Stalker  
  85  11:15  Phoenix, Stalker  
  91  11:19  Stalker  
  93  11:28  Probe (Chrono Boost)  
  93  11:29  Probe (Chrono Boost)  
  93  11:31  Probe (Chrono Boost)  
  99  11:40  Probe x2 (Chrono Boost)  
  99  11:41  Probe (Chrono Boost), Assimilator  
  99  11:42  Probe x3  
  99  11:45  Assimilator  
  102  11:49  Robotics Bay  
  102  11:55  Fleet Beacon  
  102  11:57  Phoenix  
  104  12:13  Probe (Chrono Boost)  
  105  12:21  Pylon  
  106  12:24  Stalker x2  
  106  12:25  Probe (Chrono Boost)  
  106  12:26  Stalker  
  106  12:27  Probe  
  113  12:30  Phoenix (Chrono Boost)  
  113  12:35  Protoss Air Weapons Level 1 (Chrono Boost)  
  115  12:39  Probe  
  116  12:45  Phoenix (Chrono Boost)  
  118  12:54  Nexus  
  118  12:56  Stargate  
  118  13:06  Stalker x2  
  118  13:07  Stalker  
  118  13:10  Phoenix (Chrono Boost)  
  126  13:21  Pylon  
  126  13:22  Probe x2  
  126  13:23  Probe  
  126  13:24  Pylon  
  129  13:34  Probe  
  129  13:35  Probe  
  129  13:37  Pylon  
  129  13:38  Tempest  
  129  13:41  Warp Prism  
  137  13:42  Pylon  
  137  13:46  Phoenix  
  141  13:50  Stalker  
  141  13:51  Stalker  
  145  14:06  Shield Battery  
  145  14:07  Probe x3  
  148  14:10  Shield Battery  
  145  14:19  Probe x2  
Tags
 
Add a new tag
Caveats
  • Supply blocks, unpowered buildings, or Contaminate may cause inaccurate times.
  • Supply counts are checked every 10 seconds.